[Event "Titled Tuesday Blitz October 11 Late 2022"]
[White "Polanco Nunez, Yoel Estarling"]
[Black "Tan, Ralph"]
[WhiteFideId "6401783"]
[BlackFideId "30966590"]
[WhiteElo "2132"]
[BlackElo "2059"]
[Result "1/2-1/2"]
[Round "03"]
[TimeControl "180+1"]
[Date "2022.10.12"]
[WhiteClock "0:00:13"]
[BlackClock "0:00:17"]

1. Nf3 Nf6 2. g3 g6 3. Bg2 Bg7 4. d4 O-O 5. O-O d5 6. Nc3 c6 7. Ne5 Bf5 8. Re1 Nbd7 9. Bf4 Nh5 10. Nxd7 Qxd7 11. Qd2 Nxf4 12. Qxf4 Rfe8 13. Rad1 e5 14. dxe5 Bxe5 15. Qc1 Bh3 16. e4 d4 17. Ne2 Rad8 18. c3 d3 19. Qe3 d2 20. Rf1 Bxg2 21. Kxg2 Qd3 22. Qxd3 Rxd3 23. f4 Bc7 24. e5 Bb6 25. Rf3 Red8 26. Nd4 Rxf3 27. Nxf3 Be3 28. Kf1 a5 29. Ke2 Bc5 30. Rxd2 Rb8 31. Rd7 h6 32. Nd2 a4 33. Ne4 Bf8 34. h4 b5 35. h5 gxh5 36. Nf6+ Kg7 37. Nxh5+ Kg6 38. Nf6 b4 39. c4 b3 40. axb3 Rxb3 41. Rd2 Rxg3 42. Kf2 Rb3 43. Ne4 Kf5 44. Nd6+ Kxf4 45. Nxf7 Bc5+ 46. Kg2 Rg3+ 47. Kh2 Rg4 48. e6 Kf5 49. Nxh6+ Kg5 50. Nxg4 Kxg4 51. Re2 Be7 52. Kg2 Kf5 53. Kf3 Kf6 54. Ke4 Bc5 55. Kd3 Ke7 56. Kc3 Bd6 57. Kd4 Bb4 58. c5 a3 59. bxa3 Bxa3 60. Kc4 Bc1 61. Kd4 Bf4 62. Ke4 Bc7 63. Kf5 Bd8 64. Rd2 Ba5 65. Rd7+ Ke8 66. Ra7 Bb4 67. Kf6 Bc3+ 68. Kf5 Bd4 69. Ra5 Ke7 70. Ra7+ Ke8 71. Ra5 Ke7 72. Ra7+ Ke8 1/2-1/2


[Site "https://www.chess.com"]

[Event "Titled Tuesday Blitz October 11 Late 2022"]
[White "Poltorak, Sebastian"]
[Black "Reshetnikov, Alexey"]
[WhiteFideId "1199498"]
[BlackFideId "4162080"]
[WhiteElo "2232"]
[BlackElo "2502"]
[Result "0-1"]
[Round "03"]
[TimeControl "180+1"]
[Date "2022.10.12"]
[WhiteClock "0:02:26"]
[BlackClock "0:01:39"]

1. d4 Nf6 2. c4 c6 3. Nf3 d5 4. Qb3 g6 5. Nc3 Bg7 6. Bf4 O-O 7. e3 dxc4 8. Bxc4 Nbd7 9. O-O Nb6 10. Be2 Be6 11. Qc2 Nbd5 12. Bg3 Bf5 13. Bd3 Nb4 14. Bxf5 Nxc2 15. Bxc2 Nd5 16. Rfc1 Nxc3 17. bxc3 c5 18. Be4 cxd4 19. cxd4 Rc8 20. Bxb7 Rxc1+ 21. Rxc1 Qa5 22. Rc2 Qb5 0-1


[Site "https://www.chess.com"]

[Event "Titled Tuesday Blitz October 11 Late 2022"]
[White "Potula, Kapish"]
[Black "Rosenberg, Evan S"]
[WhiteFideId "30903270"]
[BlackFideId "2019299"]
[WhiteElo "1944"]
[BlackElo "2356"]
[Result "1-0"]
[Round "03"]
[TimeControl "180+1"]
[Date "2022.10.12"]
[WhiteClock "0:00:06"]
[BlackClock "0:00:42"]

1. d4 Nf6 2. e3 c5 3. Bd3 cxd4 4. exd4 d5 5. f4 g6 6. Nf3 Bf5 7. O-O Bxd3 8. Qxd3 Bg7 9. Ne5 O-O 10. Nd2 e6 11. c3 Nfd7 12. Ndf3 f6 13. Ng4 a5 14. Re1 Ra6 15. b3 Re8 16. Ba3 Nc6 17. Rad1 Ne7 18. c4 dxc4 19. bxc4 Nc6 20. d5 Nb4 21. Bxb4 axb4 22. dxe6 Qb6+ 23. Kh1 Nc5 24. Qd5 Nxe6 25. Nd4 h5 26. Nf2 Kh7 27. f5 Nc7 28. fxg6+ Kh8 29. Qxh5+ Kg8 30. Qh7+ Kf8 31. Nf5 Rxe1+ 32. Rxe1 Ne8 33. Ng4 Rxa2 34. Nxg7 Nxg7 35. Qh8# 1-0


[Site "https://www.chess.com"]

[Event "Titled Tuesday Blitz October 11 Late 2022"]
[White "Predke, Alexandr"]
[Black "Andreikin, Dmitry"]
[WhiteFideId "24107581"]
[BlackFideId "4158814"]
[WhiteElo "2614"]
[BlackElo "2736"]
[Result "0-1"]
[Round "03"]
[TimeControl "180+1"]
[Date "2022.10.11"]
[WhiteClock "0:00:06"]
[BlackClock "0:00:53"]

1. Nf3 d5 2. g3 Nd7 3. d4 Ndf6 4. Bg2 g6 5. O-O Nh6 6. c4 c6 7. cxd5 cxd5 8. Ne5 Bg7 9. Qa4+ Bd7 10. Nxd7 Qxd7 11. Qxd7+ Kxd7 12. Nc3 e6 13. e4 Nxe4 14. Nxe4 dxe4 15. Bxe4 Nf5 16. Bxb7 Rab8 17. Bg2 Bxd4 18. Rd1 e5 19. Rb1 Ke7 20. b3 Rhc8 21. Ba3+ Bc5 22. Bb2 Bd4 23. Ba3+ Bc5 24. Bb2 Kf6 25. Rbc1 Bd4 26. Ba3 a5 27. Kf1 h5 28. Rxc8 Rxc8 29. Rc1 Rxc1+ 30. Bxc1 Nd6 31. Bd2 Bb6 32. Ke2 Ke6 33. Kd3 f5 34. f3 Kd5 35. Ke2 Nb5 36. Kd3 Nc7 37. h3 Na6 38. g4 Nc5+ 39. Ke2 Ne6 40. Kd3 Bc5 41. gxh5 gxh5 42. h4 Bb4 43. Bc1 Be1 44. Bh3 Nd4 45. Be3 e4+ 46. fxe4+ fxe4# 0-1


[Site "https://www.chess.com"]

[Event "Titled Tuesday Blitz October 11 Late 2022"]
[White "Preotu, Razvan"]
[Black "Ballester Llagaria, Luis Eduardo"]
[WhiteFideId "2613280"]
[BlackFideId "2297620"]
[WhiteElo "2407"]
[BlackElo "2344"]
[Result "1-0"]
[Round "03"]
[TimeControl "180+1"]
[Date "2022.10.12"]
[WhiteClock "0:00:34"]
[BlackClock "0:00:08"]

1. e4 e6 2. d4 d5 3. Nc3 Be7 4. Bd3 Nf6 5. e5 Nfd7 6. Nce2 c5 7. c3 Nc6 8. Nf3 Qb6 9. O-O a5 10. a4 cxd4 11. cxd4 Nb4 12. Bb1 Qc7 13. Nf4 g6 14. Ra3 Nb6 15. Rc3 Qd8 16. b3 Bd7 17. Qe2 Rc8 18. Rxc8 Qxc8 19. Bd2 Qb8 20. h4 Qa7 21. h5 Qa6 22. Qe3 g5 23. Nd3 h6 24. Nh2 Kf8 25. f4 Nxd3 26. Bxd3 Qa7 27. f5 Ke8 28. Ng4 Kd8 29. Qe1 Bb4 30. Bxb4 axb4 31. Qxb4 Nc4 32. bxc4 Qxd4+ 33. Nf2 Qxe5 34. Qxb7 Ke7 35. f6+ Qxf6 36. Qb4+ Ke8 37. cxd5 1-0


[Site "https://www.chess.com"]

[Event "Titled Tuesday Blitz October 11 Late 2022"]
[White "Prieto Aranguren, Alain"]
[Black "Sohal, Tanraj"]
[WhiteFideId "2268906"]
[BlackFideId "2608499"]
[WhiteElo "2209"]
[BlackElo "2200"]
[Result "0-1"]
[Round "03"]
[TimeControl "180+1"]
[Date "2022.10.12"]
[WhiteClock "0:00:01"]
[BlackClock "0:01:07"]

1. e4 c6 2. d4 d6 3. f4 Nf6 4. Bd3 g6 5. Nf3 Bg7 6. e5 dxe5 7. fxe5 Nd5 8. c3 c5 9. O-O O-O 10. Bg5 cxd4 11. cxd4 Nc6 12. Nc3 h6 13. Bh4 Ne3 14. Qe2 Nxf1 15. d5 Nb4 16. Be4 Nxh2 17. Kxh2 Bg4 18. Bg3 Rc8 19. a3 Na6 20. e6 f5 21. Bd3 Nc5 22. Bc4 a6 23. d6 b5 24. Ba2 Kh7 25. Rd1 f4 26. Bh4 Bf6 27. Bxf6 Rxf6 28. dxe7 Qxe7 29. Ng5+ hxg5 30. Qxg4 Rf5 31. Ne4 Rd8 32. Rxd8 Qxd8 33. Qh3+ Kg7 34. Qc3+ Kh7 35. Nxc5 g4 0-1


[Site "https://www.chess.com"]

[Event "Titled Tuesday Blitz October 11 Late 2022"]
[White "Principe, Gerson"]
[Black "Keymer, Vincent"]
[WhiteFideId "3804550"]
[BlackFideId "12940690"]
[WhiteElo "2280"]
[BlackElo "2600"]
[Result "1/2-1/2"]
[Round "03"]
[TimeControl "180+1"]
[Date "2022.10.12"]
[WhiteClock "0:00:22"]
[BlackClock "0:00:07"]

1. Nf3 d5 2. e3 Nf6 3. d4 e6 4. Be2 Bd6 5. O-O O-O 6. b3 b6 7. Bb2 Bb7 8. Nbd2 Nbd7 9. Ne5 c5 10. f4 Rc8 11. c4 Re8 12. Rc1 Nf8 13. Bf3 Ng6 14. g3 Re7 15. Qe2 Rec7 16. Nxg6 hxg6 17. e4 dxe4 18. Nxe4 Bxe4 19. Bxe4 cxd4 20. Bxd4 Rd7 21. Bc3 Qe7 22. Rcd1 Rcd8 23. Kg2 Bb4 24. Bxf6 gxf6 25. Rd3 f5 26. Rxd7 Rxd7 27. Bd3 Qd8 28. Rd1 Rd4 29. Bc2 Bd2 30. Qe5 Rd7 31. h4 Qa8+ 32. Kf2 Qc6 33. Qe2 Bb4 34. Rxd7 Qxd7 35. Qd3 Qc6 36. Qf3 Qc5+ 37. Kg2 a5 38. Qd3 Ba3 39. Bd1 Bb2 40. Bf3 Kg7 41. Qe2 Bf6 42. Qd3 Be7 43. Qd2 Bf6 44. Qd3 e5 45. fxe5 Bxe5 46. Qe2 Qd6 47. Qf2 Bd4 48. Qe2 Qf6 49. Bd5 Bc5 50. Kh3 Bd6 51. Qf3 Qe5 52. Qd3 Qe1 53. Qf3 Be5 54. Kg2 Qd2+ 55. Qf2 Qd3 56. Qf3 Qc2+ 57. Qf2 Qb1 58. Qe2 Bf6 59. Qf2 Qc1 60. Qe2 Qc3 61. Qf3 Qe5 62. Qf2 Qc7 63. Qf3 Be5 64. Qe3 f4 65. gxf4 Bxf4 66. Qd4+ Be5 67. Qe4 Qe7 68. Qg4 Qf6 69. Bf3 Qd6 70. Bd5 Qa3 71. Qe2 Bf6 72. Kh3 Qd6 73. Qf3 Qe7 74. h5 Qe5 75. hxg6 fxg6 76. Qg4 Be7 77. Qe6 Qxe6+ 78. Bxe6 Kf6 79. Bd5 Ke5 80. Kg4 Kd4 81. Bc6 Kc3 82. Ba4 Kb2 83. Be8 g5 84. Ba4 Kxa2 85. Kg3 Ka3 86. Kg4 Kb4 87. Kf5 Kc3 88. Kg4 Kd3 89. Kf3 Bd8 90. Kg3 Ke4 91. Kg2 Kf4 92. Bb5 g4 93. Ba4 Bc7 94. Bb5 g3 95. Ba4 Bd6 96. Bb5 Ke3 97. Ba4 Ke2 98. Bb5 Kd3 99. Ba4 Kd2 100. Kg1 Ke3 101. Kg2 Ke4 102. Bb5 Kd4 103. Ba4 Kc5 104. Kg1 Be5 105. Kg2 Kb4 106. Kg1 Bd4+ 107. Kg2 Bf2 108. Kf1 Kc3 109. Kg2 Kd4 110. Kf1 Ke5 111. Kg2 Kf4 112. Bb5 Bc5 113. Ba4 b5 114. Bxb5 Bd6 115. Ba4 Bc7 116. Bb5 Ke3 117. Ba4 Kd4 118. Bb5 Kc3 119. Ba4 Kb4 120. Kg1 Kc5 121. Kg2 Kd4 122. Kg1 Kc5 123. Kg2 Kb4 124. Kg1 Kc5 1/2-1/2


[Site "https://www.chess.com"]

[Event "Titled Tuesday Blitz October 11 Late 2022"]
[White "Prydun, Andriy"]
[Black "Richter, Paul"]
[WhiteFideId "14145898"]
[BlackFideId "2046350"]
[WhiteElo "2163"]
[BlackElo "2490"]
[Result "1-0"]
[Round "03"]
[TimeControl "180+1"]
[Date "2022.10.12"]
[WhiteClock "0:00:31"]
[BlackClock "0:00:11"]

1. e4 c5 2. Nf3 d6 3. c3 Bg4 4. h3 Bxf3 5. Qxf3 Nc6 6. g3 g6 7. d3 Bg7 8. Bg2 Nf6 9. O-O O-O 10. a4 a6 11. Na3 Rb8 12. Be3 Nd7 13. Rfd1 b5 14. axb5 axb5 15. d4 b4 16. Nc4 bxc3 17. bxc3 Rb3 18. e5 cxd4 19. cxd4 Ndb8 20. exd6 exd6 21. Qd5 Nb4 22. Qxd6 Qxd6 23. Nxd6 Nc2 24. Ra7 Nxe3 25. fxe3 Rxe3 26. Bd5 Re1+ 27. Rxe1 Bxd4+ 28. Kg2 Bxa7 29. Nxf7 Bc5 30. Rc1 Bb6 31. Rb1 Nd7 32. Ne5+ Kg7 33. Nxd7 Rd8 34. Nxb6 Rd7 35. Nxd7 1-0


[Site "https://www.chess.com"]

[Event "Titled Tuesday Blitz October 11 Late 2022"]
[White "Quesada Perez, Yuniesky"]
[Black "Ambartsumova, Karina"]
[WhiteFideId "3504409"]
[BlackFideId "4166299"]
[WhiteElo "2599"]
[BlackElo "2299"]
[Result "1-0"]
[Round "03"]
[TimeControl "180+1"]
[Date "2022.10.11"]
[WhiteClock "0:00:26"]
[BlackClock "0:00:01"]

1. d4 Nf6 2. c4 g6 3. g3 Bg7 4. Bg2 O-O 5. Nc3 d6 6. Nf3 c6 7. O-O Bf5 8. b3 Ne4 9. Bb2 Nxc3 10. Bxc3 Be4 11. Qd2 d5 12. Rfd1 Nd7 13. Bh3 Bxf3 14. exf3 e6 15. Rac1 a5 16. Bg2 a4 17. Bb4 Re8 18. f4 Qb6 19. c5 Qa7 20. bxa4 Qxa4 21. a3 Nb8 22. Bf1 Na6 23. Bc3 Nc7 24. Rb1 Reb8 25. h4 h5 26. Kg2 Nb5 27. Bxb5 cxb5 28. Qd3 Qxa3 29. Rxb5 Qa6 30. Rdb1 Rc8 31. Qd2 Rab8 32. Qb2 Rc7 33. Ba5 Re7 34. Qb4 Qc6 35. Rb6 Qc8 36. c6 Bf8 37. Qb3 Re8 38. Rxb7 Ra8 39. Qb5 Bd6 40. Bb6 Rb8 41. Bc5 Bxc5 42. Rxb8 Qxb8 43. Qxb8 1-0


[Site "https://www.chess.com"]

[Event "Titled Tuesday Blitz October 11 Late 2022"]
[White "Rabineau, Clement"]
[Black "Kavutskiy, Konstantin"]
[WhiteFideId "628891"]
[BlackFideId "2026384"]
[WhiteElo "2237"]
[BlackElo "2338"]
[Result "1/2-1/2"]
[Round "03"]
[TimeControl "180+1"]
[Date "2022.10.12"]
[WhiteClock "0:00:05"]
[BlackClock "0:00:10"]

1. e4 Nc6 2. Bb5 d6 3. d4 a6 4. Ba4 Nf6 5. f3 g6 6. c4 Bg7 7. d5 b5 8. cxb5 Ne5 9. b6+ Bd7 10. bxc7 Qxc7 11. Nc3 O-O 12. Be3 Nc4 13. Bc1 Rab8 14. Bb3 e6 15. dxe6 Bxe6 16. Nge2 d5 17. O-O Rfd8 18. exd5 Nxd5 19. Nxd5 Bxd5 20. Qc2 Qc8 21. Nf4 Qc5+ 22. Kh1 Rbc8 23. Nxd5 Qxd5 24. Rd1 Qxd1+ 25. Qxd1 Rxd1+ 26. Bxd1 Nxb2 27. Bxb2 Bxb2 28. Rb1 Be5 29. Bb3 a5 30. Re1 Rc5 31. g3 Kg7 32. f4 Bd6 33. Rd1 Rc6 34. Bd5 Rb6 35. Bb3 h5 36. Rd5 Bb4 37. Rd7 Rf6 38. Kg2 Kf8 39. Kf3 Be7 40. Ra7 Bb4 41. Ra8+ Kg7 42. Ra7 Kf8 43. h3 Kg7 44. g4 hxg4+ 45. hxg4 Bd6 46. f5 Bb4 47. Be6 Kf8 48. g5 Rxe6 49. fxe6 fxe6 50. Ke4 Bc3 51. Kd3 Bb4 52. Kc4 Kg8 53. Kb5 Bd2 54. Kc6 Bxg5 55. Rxa5 Bf4 56. Ra7 g5 57. Kd7 Kf7 58. Kc6+ Kf6 59. Rb7 g4 60. a4 g3 61. Rb2 Be3 62. a5 Bf2 63. a6 Ke5 64. Re2+ Kf5 65. Kd6 Kg4 66. Rxe6 Kf3 67. Rf6+ Ke2 68. Rg6 Kf1 69. Ke5 g2 70. Rxg2 Kxg2 71. Kd6 Kf1 72. Kc6 Ke2 73. Kb7 Kd3 74. a7 Bxa7 1/2-1/2


[Site "https://www.chess.com"]

[Event "Titled Tuesday Blitz October 11 Late 2022"]
[White "Remolar Gallen, Jose"]
[Black "Luch, Michal"]
[WhiteFideId "2215187"]
[BlackFideId "1120042"]
[WhiteElo "2214"]
[BlackElo "2363"]
[Result "1-0"]
[Round "03"]
[TimeControl "180+1"]
[Date "2022.10.12"]
[WhiteClock "0:00:07"]
[BlackClock "0:00:03"]

1. d4 Nf6 2. Nf3 d5 3. c4 e6 4. Nc3 Be7 5. Bg5 O-O 6. e3 h6 7. Bh4 b6 8. cxd5 exd5 9. Bd3 Be6 10. O-O c5 11. Rc1 Nbd7 12. Qe2 Re8 13. Ne5 Nxe5 14. dxe5 Nh7 15. Bxe7 Qxe7 16. f4 f5 17. Rcd1 Rad8 18. Nb5 Nf8 19. Qh5 Qf7 20. Qxf7+ Kxf7 21. Nd6+ Rxd6 22. exd6 Rd8 23. g4 fxg4 24. f5 Bc8 25. e4 Rxd6 26. Bc4 Bb7 27. Rd2 Kf6 28. Bxd5 Bxd5 29. Rfd1 Bxe4 30. Rxd6+ Kxf5 31. Rf1+ Bf3 32. h3 h5 33. Kf2 Ne6 34. hxg4+ hxg4 35. Rd7 a5 36. Ke3 Nd4 37. Rxg7 Ke5 38. Rg6 b5 39. Rg5+ Kd6 40. Rc1 b4 41. Rgxc5 Nc6 42. Rh5 Ne5 43. Rh6+ Kd5 44. Rh5 Kd6 45. Rc8 Bd5 46. Rd8+ Kc7 47. Rxd5 Nc4+ 48. Kd4 Nxb2 49. Rxa5 g3 50. Ra7+ Kb6 51. Rg7 Nd1 52. Rg6+ 1-0


[Site "https://www.chess.com"]

[Event "Titled Tuesday Blitz October 11 Late 2022"]
[White "Riehle, Marco"]
[Black "Kamsky, Gata"]
[WhiteFideId "12904392"]
[BlackFideId "2000024"]
[WhiteElo "2462"]
[BlackElo "2666"]
[Result "0-1"]
[Round "03"]
[TimeControl "180+1"]
[Date "2022.10.11"]
[WhiteClock "0:00:03"]
[BlackClock "0:00:33"]

1. e4 e5 2. Nf3 Nc6 3. Bc4 Nf6 4. d4 exd4 5. e5 d5 6. Bb5 Ne4 7. Nxd4 Bd7 8. Bxc6 bxc6 9. O-O Bc5 10. Be3 Qe7 11. f3 Nd6 12. f4 O-O 13. Nd2 f6 14. N2b3 Bb6 15. Qh5 Nc4 16. Bf2 fxe5 17. fxe5 Qxe5 18. Qh4 Rf4 19. Qg3 Raf8 20. c3 Nxb2 21. Rae1 Qd6 22. Re2 Nc4 23. Rfe1 R4f7 24. Qh4 Qf4 25. Qxf4 Rxf4 26. Bg3 R4f7 27. h3 a5 28. a4 c5 29. Nb5 Bxb5 30. axb5 a4 31. Nd2 Na3 32. Kh2 c4 33. Nf3 Nxb5 34. Ng5 Rd7 35. Ne6 Re8 36. Ng5 Rxe2 37. Rxe2 Rd8 38. Re7 Bc5 39. Re6 Ra8 40. Rc6 Be7 41. Nf3 a3 42. Ra6 0-1


[Site "https://www.chess.com"]

[Event "Titled Tuesday Blitz October 11 Late 2022"]
[White "Roberson, Peter T"]
[Black "Tanenbaum, Zachary"]
[WhiteFideId "412384"]
[BlackFideId "2060850"]
[WhiteElo "2346"]
[BlackElo "2175"]
[Result "0-1"]
[Round "03"]
[TimeControl "180+1"]
[Date "2022.10.12"]
[WhiteClock "0:00:22"]
[BlackClock "0:00:37"]

1. d4 d5 2. c4 dxc4 3. e3 e5 4. Bxc4 exd4 5. exd4 Bd6 6. Nf3 Nf6 7. O-O O-O 8. Nc3 Nc6 9. h3 h6 10. Re1 Re8 11. Be3 Bf5 12. Qb3 Qd7 13. Qa4 Bxh3 14. Ne5 Nxe5 15. dxe5 Bxe5 16. gxh3 Qxh3 17. Bf4 Qg4+ 18. Bg3 Bxg3 19. fxg3 Qxg3+ 20. Kf1 Red8 21. Rad1 Rxd1 22. Qxd1 Qf4+ 0-1


[Site "https://www.chess.com"]

[Event "Titled Tuesday Blitz October 11 Late 2022"]
[White "Rosen, Eric"]
[Black "Baltaci, Ismail Tarik"]
[WhiteFideId "2032562"]
[BlackFideId "6365213"]
[WhiteElo "2362"]
[BlackElo "2349"]
[Result "1-0"]
[Round "03"]
[TimeControl "180+1"]
[Date "2022.10.12"]
[WhiteClock "0:00:11"]
[BlackClock "0:00:08"]

1. d4 Nf6 2. Bf4 g6 3. Nc3 d5 4. e3 Bg7 5. h4 h5 6. Nf3 Bg4 7. Qd2 Bxf3 8. gxf3 c6 9. O-O-O Nbd7 10. e4 e6 11. Kb1 O-O 12. Rg1 b5 13. Bg5 Qb8 14. e5 Nh7 15. Be7 Re8 16. Bd6 Qb7 17. f4 Nb6 18. Qd3 a5 19. Be2 b4 20. Bxh5 bxc3 21. Bxg6 fxg6 22. Rxg6 Nc4 23. Qxc3 Nxd6 24. exd6 Nf8 25. Rg3 Kh8 26. Rdg1 Ra7 27. a4 Nh7 28. Rxg7 Qxg7 29. Rxg7 Rxg7 30. Qxc6 Nf6 31. h5 Rd7 32. Qb5 Ra8 33. Qc6 Rad8 34. Qb6 Rxd6 35. Qxa5 Ne4 36. f3 Ng3 37. Qe1 Nf5 38. Qe5+ Kh7 39. Qf6 R8d7 40. Qg6+ Kh8 41. h6 Rb6 42. Qe8+ Kh7 43. Qxd7+ Kxh6 44. a5 Rb4 45. Qxe6+ 1-0


[Site "https://www.chess.com"]

[Event "Titled Tuesday Blitz October 11 Late 2022"]
[White "Rubio Tent, Francisco"]
[Black "Zaloznyy, Mike"]
[WhiteFideId "2238233"]
[BlackFideId "2023075"]
[WhiteElo "2211"]
[BlackElo "2126"]
[Result "1-0"]
[Round "03"]
[TimeControl "180+1"]
[Date "2022.10.12"]
[WhiteClock "0:00:11"]
[BlackClock "0:00:12"]

1. e4 d6 2. d4 Nf6 3. Nc3 e5 4. Nf3 Nbd7 5. Bc4 Be7 6. O-O c6 7. a4 Qc7 8. Re1 h6 9. b4 O-O 10. Bb2 Re8 11. Qd2 Bf8 12. Rad1 exd4 13. Nxd4 Ne5 14. Bb3 a5 15. b5 c5 16. Nde2 c4 17. Ba2 Be6 18. h3 d5 19. exd5 Bxh3 20. d6 Qc5 21. Qd4 Qxd4 22. Rxd4 Bg4 23. Kf1 Red8 24. f3 Bxf3 25. gxf3 Nxf3 26. Bxc4 Nxe1 27. Kxe1 Bxd6 28. Nd5 Nxd5 29. Bxd5 Bc5 30. Rd1 Rd7 31. c4 Rad8 32. Kd2 b6 33. Kc2 h5 34. Nf4 g6 35. Re1 Re7 36. Rxe7 Bxe7 37. Nxg6 Bg5 38. Ne5 Rf8 39. Nxf7 Rxf7 40. Bd4 Kf8 41. Bxf7 Kxf7 42. Bxb6 h4 43. Bc7 h3 44. Bh2 Ke6 45. Kd3 Be7 46. Kd4 Bd6 47. Bg1 h2 48. Bxh2 Bxh2 49. Kc5 Bg1+ 50. Kc6 Ke5 51. b6 Bxb6 52. Kxb6 Kd4 53. c5 Kc4 54. c6 Kb4 55. c7 Kxa4 56. c8=Q Kb3 57. Qc1 a4 58. Qa1 a3 59. Ka5 a2 60. Kb5 Ka3 61. Kc4 Ka4 62. Qxa2# 1-0


[Site "https://www.chess.com"]

[Event "Titled Tuesday Blitz October 11 Late 2022"]
[White "Rustemov, Alexander"]
[Black "Pinheiro, Iung Alicio de O."]
[WhiteFideId "4119002"]
[BlackFideId "2104350"]
[WhiteElo "2872"]
[BlackElo "2283"]
[Result "0-1"]
[Round "03"]
[TimeControl "180+1"]
[Date "2022.10.11"]
[WhiteClock "0:00:01"]
[BlackClock "0:00:06"]

1. d4 Nf6 2. c4 Nc6 3. Nf3 e6 4. a3 d6 5. Nc3 g6 6. g3 Bg7 7. Bg2 O-O 8. O-O a5 9. h3 Bd7 10. e4 e5 11. Be3 exd4 12. Nxd4 Re8 13. Re1 Nxd4 14. Bxd4 Bc6 15. b3 Nd7 16. Rc1 Nc5 17. Bxg7 Kxg7 18. b4 axb4 19. axb4 Ne6 20. Nd5 Bd7 21. Qd2 c6 22. Qc3+ f6 23. Nf4 Ng5 24. f3 Qe7 25. Rcd1 Nf7 26. Nd3 Be6 27. f4 Kg8 28. Rd2 Ra4 29. c5 Rea8 30. Red1 Ra3 31. Qd4 Rd8 32. cxd6 Rxd6 33. Qb2 Ra2 34. Qc3 Rxd2 35. Rxd2 Qd8 36. Kf2 Rd4 37. Ke1 Rc4 38. Qb2 Qb6 39. Qxf6 Qe3+ 40. Re2 Qxd3 41. Qxe6 Rc1+ 42. Kf2 Qd4+ 43. Kf3 Rc3+ 44. Kg4 h5+ 45. Kh4 Qd8+ 46. Qf6 Qxf6# 0-1


[Site "https://www.chess.com"]

[Event "Titled Tuesday Blitz October 11 Late 2022"]
[White "Sai Krishna G V"]
[Black "Poliakova, Varvara"]
[WhiteFideId "5028280"]
[BlackFideId "13518313"]
[WhiteElo "2359"]
[BlackElo "1938"]
[Result "0-1"]
[Round "03"]
[TimeControl "180+1"]
[Date "2022.10.12"]
[WhiteClock "0:00:29"]
[BlackClock "0:00:21"]

1. Nf3 f5 2. Nc3 d5 3. d4 Nf6 4. Ne5 c6 5. Bg5 e6 6. e3 Be7 7. Bd3 O-O 8. g4 Ne4 9. Bxe7 Qxe7 10. Bxe4 fxe4 11. h4 Nd7 12. f4 exf3 13. Kf2 Nxe5 14. dxe5 Qc7 15. Qg1 Qxe5 16. Qg3 Qxg3+ 17. Kxg3 e5 18. e4 d4 19. Nd1 Rf4 20. Nf2 Be6 21. Rad1 Raf8 22. c3 c5 23. a3 g6 24. g5 Rd8 25. h5 Kg7 26. Nd3 Rg4+ 27. Kf2 Rf8 28. Rdg1 Rxe4 29. Nxc5 Re2+ 30. Kg3 Bd5 31. hxg6 hxg6 32. Rd1 Rg2+ 33. Kh4 Rh8# 0-1


[Site "https://www.chess.com"]

[Event "Titled Tuesday Blitz October 11 Late 2022"]
[White "Sailer, Mike"]
[Black "Souleidis, Georgios"]
[WhiteFideId "2012901"]
[BlackFideId "4206827"]
[WhiteElo "2109"]
[BlackElo "2401"]
[Result "1-0"]
[Round "03"]
[TimeControl "180+1"]
[Date "2022.10.12"]
[WhiteClock "0:00:24"]
[BlackClock "0:00:03"]

1. d4 Nf6 2. Bf4 g6 3. Nc3 d5 4. Qd2 Bg7 5. Nf3 O-O 6. O-O-O c5 7. dxc5 Qa5 8. Kb1 Qxc5 9. e3 Be6 10. Nd4 Nc6 11. Nxc6 Qxc6 12. Bb5 Qb6 13. Ba4 a6 14. Qd4 Qa5 15. Be5 b5 16. Bb3 Rfd8 17. h3 Rac8 18. g4 Rd7 19. g5 Nh5 20. Bxg7 Nxg7 21. h4 Qc7 22. Qf4 Qxf4 23. exf4 Rcd8 24. Rd2 d4 25. Ne4 Bxb3 26. axb3 Ne6 27. f5 gxf5 28. Ng3 f4 29. Ne4 d3 30. c3 Kg7 31. b4 Rd5 32. h5 f5 33. gxf6+ exf6 34. f3 f5 35. Rg1+ Kf7 36. Ng5+ Nxg5 37. Rxg5 Rg8 38. Rxg8 Kxg8 39. b3 Kg7 40. Kb2 Kh6 41. c4 bxc4 42. bxc4 Rd8 43. Kc3 Kxh5 44. Rxd3 Re8 45. c5 Kg5 46. Kc4 h5 47. c6 h4 48. Rd7 Kg6 49. Rd6+ Kg5 50. Rd7 Kg6 51. Rd2 Kf6 52. Kc5 h3 53. c7 1-0


[Site "https://www.chess.com"]

[Event "Titled Tuesday Blitz October 11 Late 2022"]
[White "Salman, Pavel"]
[Black "Alexikov, Alexander"]
[WhiteFideId "24153753"]
[BlackFideId "14103958"]
[WhiteElo "2187"]
[BlackElo "2222"]
[Result "0-1"]
[Round "03"]
[TimeControl "180+1"]
[Date "2022.10.12"]
[WhiteClock "0:00:11"]
[BlackClock "0:00:16"]

1. Nf3 Nf6 2. g3 g6 3. Bg2 Bg7 4. O-O d6 5. d4 O-O 6. Nbd2 c5 7. c3 cxd4 8. Nxd4 a6 9. Nc4 Qc7 10. b3 Nc6 11. h3 Bd7 12. Bg5 h6 13. Be3 b5 14. Nb2 Nxd4 15. cxd4 Rac8 16. Rc1 Qb8 17. Nd3 Rxc1 18. Qxc1 Rc8 19. Qd2 Kh7 20. Rc1 Bf5 21. Nb4 Rxc1+ 22. Qxc1 Qc8 23. g4 Qxc1+ 24. Bxc1 Bc8 25. e3 e6 26. a4 bxa4 27. bxa4 Nd7 28. a5 Nb8 29. Ba3 Bf6 30. Bf1 Bd8 31. Nd3 Bc7 32. Bb4 Nc6 33. f4 Nxa5 34. Bg2 Kg7 35. Kf2 Kf6 36. Nb2 Bd7 37. e4 Ke7 38. e5 Nc6 39. Ba3 a5 40. Nc4 Nb4 41. exd6+ Bxd6 42. Ke3 Nc2+ 43. Kd3 Nxa3 44. Nxa5 Bb5+ 45. Kc3 Nb1+ 46. Kc2 Na3+ 47. Kb3 Bd7 48. d5 Nb5 49. dxe6 Bxe6+ 50. Kc2 Nd4+ 51. Kd3 Bc5 52. Be4 f5 53. gxf5 gxf5 54. Bg2 Bb6 55. Nb7 Nb3 56. Kc3 Nc5 57. Nxc5 Bxc5 58. Kd3 Kd6 59. Ke2 Bd5 60. Bf1 Bc4+ 61. Ke1 Bxf1 62. Kxf1 Be3 63. Ke2 Bxf4 64. Kf3 Ke5 65. Kg2 Bg5 66. Kg3 Ke4 67. h4 f4+ 68. Kg4 Bxh4 69. Kxh4 f3 70. Kg3 Ke3 71. Kh2 Ke2 72. Kg1 f2+ 0-1


[Site "https://www.chess.com"]

[Event "Titled Tuesday Blitz October 11 Late 2022"]
[White "Sanal, Vahap"]
[Black "Carlsen, Magnus"]
[WhiteFideId "6300545"]
[BlackFideId "1503014"]
[WhiteElo "2574"]
[BlackElo "2830"]
[Result "1-0"]
[Round "03"]
[TimeControl "180+1"]
[Date "2022.10.11"]
[WhiteClock "0:00:08"]
[BlackClock "0:00:07"]

1. e4 g5 2. d4 h6 3. h4 g4 4. Qxg4 d5 5. Qe2 dxe4 6. Qxe4 Nf6 7. Qd3 Nc6 8. Nf3 Bg4 9. c3 Qd5 10. Be2 O-O-O 11. Qb5 Bxf3 12. gxf3 e5 13. Qxd5 Nxd5 14. dxe5 Nxe5 15. h5 Bd6 16. Nd2 Rhe8 17. Ne4 f5 18. Nxd6+ Rxd6 19. Kf1 Rde6 20. Bd2 c6 21. Rd1 b5 22. Rh4 Kc7 23. Bc1 Kb6 24. a4 a6 25. axb5 axb5 26. Be3+ Nxe3+ 27. fxe3 Nf7 28. Rf4 Rxe3 29. Rd2 R3e5 30. Kf2 Ng5 31. Bf1 Ra8 32. Rfd4 Ra1 33. Rd6 Nxf3 34. Kxf3 Rxf1+ 35. Rf2 Rh1 36. Rxh6 Re4 37. Kg2 Reh4 38. Rxf5 R4h2+ 39. Kg3 Rh3+ 40. Kg4 Rh4+ 41. Kg5 R4h2 42. Rff6 Rg2+ 43. Kf5 Rf2+ 44. Ke6 Rxf6+ 45. Kxf6 Rh2 46. b4 Rh3 47. Kg7 Kc7 48. Rh8 Rxc3 49. h6 c5 50. bxc5 Rg3+ 51. Kf6 Rf3+ 52. Kg5 Rh3 53. Rf8 b4 54. Rf6 b3 55. Rb6 b2 56. Rxb2 Kc6 57. Rg2 Kxc5 58. Kg6 Rh2 59. Rxh2 1-0


[Site "https://www.chess.com"]

[Event "Titled Tuesday Blitz October 11 Late 2022"]
[White "Sanchez, Robert"]
[Black "Zivkovic, Nemanja"]
[WhiteFideId "2034360"]
[BlackFideId "942154"]
[WhiteElo "2424"]
[BlackElo "2372"]
[Result "0-1"]
[Round "03"]
[TimeControl "180+1"]
[Date "2022.10.12"]
[WhiteClock "0:00:10"]
[BlackClock "0:00:32"]

1. e4 c5 2. Nf3 e6 3. d4 cxd4 4. Nxd4 a6 5. Bd3 Qc7 6. a4 b6 7. Nc3 Nf6 8. O-O Bb7 9. h3 d6 10. Nb3 Be7 11. Be3 Nbd7 12. f4 O-O 13. Qe2 Rfd8 14. Rae1 g6 15. e5 dxe5 16. fxe5 Qxe5 17. Qd2 Qh5 18. Bg5 Nd5 19. Ne4 Bxg5 20. Nxg5 Rf8 21. Be4 h6 22. Nxf7 Rxf7 23. Rxf7 Kxf7 24. c4 N7f6 25. Bf3 Qh4 26. cxd5 Bxd5 27. Bxd5 exd5 28. Rf1 Kg7 29. Rf4 Qg5 30. Nd4 Re8 31. Qf2 h5 32. h4 Qe5 0-1


[Site "https://www.chess.com"]